 Dungeon Crawl Stone Soup version 0.28-a0-407-g69098e2f6d (console) character file.

Game seed: 15945202637620915088

367 nht the Cutter (level 6, 0/42 HPs)
             Began as an Octopode Fighter on Sept 5, 2021.
             Slain by a centaur (2 damage)
             ... on level 4 of the Dungeon.
             The game lasted 00:05:32 (4170 turns).

nht the Cutter (Octopode Fighter)                   Turns: 4170, Time: 00:05:33

Health: 0/42       AC:  1    Str: 16    XL:     6   Next: 69%
Magic:  6/6        EV: 13    Int: 18    God:
Gold:   87         SH:  4    Dex: 11    Spells: 5/5 levels left

rFire   . . .      SeeInvis .   e - +2 dagger (venom)
rCold   . . .      Faith    .   b - +0 buckler
rNeg    . . .      Spirit   .   (helmet restricted)
rPois   .          Reflect  .   (no amulet)
rElec   .          Harm     .   f - +6 ring of intelligence
rCorr   .          Rampage  .   (no ring)
Will    .....                   (no ring)
Stlth   ++........              (no ring)
HPRegen 0.14/turn               (no ring)
MPRegen 0.10/turn               (no ring)
                                (no ring)
                                (no ring)

@: no status effects
A: almost no armour, amphibious, 8 rings, camouflage 1, gelatinous body 1,
(nimble swimmer 1), tentacles
a: no special abilities


You were on level 4 of the Dungeon.
You visited 1 branch of the dungeon, and saw 5 of its levels.

You collected 204 gold pieces.
You spent 117 gold pieces at shops.

Inventory:

Hand Weapons
 a - a +0 rapier
 e - a +2 dagger of venom (weapon)
Missiles
 h - 2 curare-tipped darts
 n - 4 poisoned darts (quivered)
Armour
 b - a +0 buckler (worn)
Jewellery
 f - a +6 ring of intelligence (left tentacle)
Wands
 i - a wand of iceblast (9)
 o - a wand of polymorph (8)
 s - a wand of flame (21)
Scrolls
 d - 2 scrolls of identify {unknown}
 j - 3 scrolls of fog {unknown}
 l - a scroll of fear {unknown}
 p - a scroll of amnesia {unknown}
Potions
 c - 2 potions of might
 g - a potion of lignification {unknown}
 k - 3 potions of curing
 m - a potion of magic {unknown}
 r - a potion of heal wounds


   Skills:
 - Level 3.0 Fighting
 + Level 6.9 Short Blades
 - Level 3.0 Dodging
 - Level 3.0 Shields


You had 5 spell levels left.
You didn't know any spells.
Your spell library was empty.

Dungeon Overview and Level Annotations

Branches:
Dungeon (5/15)
 Temple: D:4-7

Altars:

Shops:
D:1 :   D:3 [   D:4 !

Annotations:
D:4 3 runed translucent doors, anonymous's ghost, amateur NaFi


Innate Abilities, Weirdness & Mutations

You cannot wear most types of armour.
You are amphibious.
You can wear up to eight rings at the same time.
Your skin changes colour to match your surroundings (Stealth+).
Your rubbery body absorbs attacks. (AC +1, EV +1)
((You are camouflaged near water. (Stealth+)))
You have tentacles for arms and can constrict up to eight enemies at once.


Message History

You kill the endoplasm!
The centaur unwields a +0 whip.
The centaur wields a +0 shortbow.
The centaur shoots an arrow.
The arrow closely misses you.
Found a leather armour.
The centaur shoots an arrow.
The arrow hits you!
The centaur shoots an arrow.
The arrow hits you!
The centaur unwields a +0 shortbow.
The centaur wields a +0 whip.
The centaur closely misses you. The centaur kicks you.
Okay, then.
You hit the centaur but do no damage. The centaur barely misses you.
You block the centaur's attack.
You hit the centaur.
The centaur is lightly wounded.
The centaur hits you with a +0 whip!
* * * LOW HITPOINT WARNING * * *
The centaur kicks you.
* * * LOW HITPOINT WARNING * * *
You hit the centaur.
The centaur is poisoned.
You squeeze the centaur, but do no damage.
The centaur is moderately wounded.
The centaur closely misses you. x2
Okay, then.
You feel better. The centaur hits you with a +0 whip. The centaur misses you.
You block the centaur's attack. The centaur kicks you.
* * * LOW HITPOINT WARNING * * *
You hit the centaur.
The centaur looks as sick as possible!
You squeeze the centaur.
The centaur is heavily wounded.
The centaur hits you with a +0 whip.
* * * LOW HITPOINT WARNING * * *
The centaur barely misses you.
You barely miss the centaur.
The centaur is heavily wounded.
The centaur closely misses you. You block the centaur's attack.
You hit the centaur.
The centaur looks as sick as possible!
The centaur is severely wounded.
The centaur hits you with a +0 whip.
* * * LOW HITPOINT WARNING * * *
You block the centaur's attack.
You hit the centaur but do no damage.
The centaur looks as sick as possible!
Your squeeze misses the centaur.
The centaur is severely wounded.
You block the centaur's attack. The centaur kicks you.
You die... █.......█ █████

█........█.. █....
█.......█..█ .......
█......[.█.█ .██████
█.......██.█ █.█.....
█... ... █.█ █.█..█.█
██...██.█ █.███.+...█.
.█....@█.███.██..+g....
......c...........+zg.█z
.█............██!.█W.█.█
.........███████..█S....
.██.....██ █..██████
█.....█ █........
.....███ █........


█████ █........ █........ ████.████ █.. You could see a centaur (extremely
poisoned).

Vanquished Creatures
  Sigmund (D:3)
  Crazy Yiuf (D:3)
  Terence (D:3)
  2 orc wizards
  A hound skeleton (D:4)
  3 gnolls (D:4)
  2 adders (D:3)
  2 dart slugs
  5 orcs
  4 ball pythons
  4 endoplasms
  A giant cockroach (D:2)
  2 goblins
  4 hobgoblins
  7 jackals
  2 quokkas
  3 bats
  A frilled lizard (D:3)
  6 kobolds
  A rat (D:1)
53 creatures vanquished.

Vanquished Creatures (others)
  A fungus (D:3)
1 creature vanquished.

Grand Total: 54 creatures vanquished

Notes
Turn   | Place    | Note
-------+----------+-------------------------------------------
     0 | D:1      | nht the Octopode Fighter began the quest for the Orb.
     0 | D:1      | Reached XP level 1. HP: 16/16 MP: 1/1
   943 | D:1      | Reached XP level 2. HP: 17/21 MP: 2/2
  1036 | D:1      | Found Pigafopt's Book Shop.
  1674 | D:2      | Reached skill level 3 in Short Blades
  2011 | D:2      | Reached XP level 3. HP: 25/26 MP: 3/3
  2082 | D:2      | Found a faded altar of an unknown god.
  2701 | D:3      | Noticed Sigmund
  2703 | D:3      | Killed Sigmund
  2704 | D:3      | Reached skill level 5 in Short Blades
  2704 | D:3      | Reached XP level 4. HP: 31/31 MP: 4/4
  2704 | D:3      | Reached XP level 5. HP: 36/36 MP: 5/5
  2973 | D:3      | Noticed Terence
  2987 | D:3      | Killed Terence
  2988 | D:3      | Reached skill level 6 in Short Blades
  2988 | D:3      | Reached XP level 6. HP: 30/42 MP: 6/6
  3234 | D:3      | Found Plog's Antique Armour Shoppe.
  3396 | D:3      | Found a runed translucent door.
  3397 | D:3      | Noticed Crazy Yiuf
  3407 | D:3      | Killed Crazy Yiuf
  3519 | D:5      | Entered Level 5 of the Dungeon
  3880 | D:4      | Found Faoneemm's Distillery.
  3885 | D:4      | Bought a potion of curing for 39 gold pieces
  3885 | D:4      | Bought a potion of degeneration for 13 gold pieces
  3885 | D:4      | Bought a potion of heal wounds for 65 gold pieces
  4003 | D:4      | Found a runed translucent gate.
  4003 | D:4      | Found a runed translucent gate.
  4011 | D:4      | Noticed anonymous's ghost (amateur NaFi)
  4139 | D:4      | Found a runed translucent gate.
  4169 | D:4      | HP: 2/42 [centaur (4)]
  4170 | D:4      | Slain by a centaur

Illustrated notes

Levels and vault maps discovered:
D:1:      dpeg_arrival_circle_labyrinth_c, layout_basic, serial_shops, shop
D:2:      layout_basic, hellmonk_ecumenical_altar_run_dry
D:3:      layout_rooms, serial_shops, nicolae_shop_window_shopping,
          uniq_sigmund, uniq_terence, uniq_crazy_yiuf_cottage
D:4:      layout_loops_cross, gammafunk_ghost_split, serial_shops,
          kennysheep_little_box
D:5:      layout_layer_cave, uniq_pikel

Skill      XL: |  1  2  3  4  5 |
---------------+----------------+-----
Short Blades   | 3 5 6 |  6.9
Fighting       | |  3.0
Dodging        | |  3.0
Shields        | |  3.0

Action                   |  1- 3 |  4- 6 || total
-------------------------+-------+-------++-------
Melee: Dagger            |    40 |    92 ||   132
       Rapier            |     4 |       ||     4
       Constrict         |    14 |    18 ||    32
       Tentacles         |     6 |    17 ||    23
Throw: Dart              |       |     4 ||     4
  Use: Potion            |       |     1 ||     1
 Stab: Sleeping          |     5 |     3 ||     8
       Distracted        |       |     1 ||     1
Armor: Skin              |     2 |     2 ||     4
Dodge: Dodged            |    14 |    32 ||    46
Block: Buckler           |     7 |    17 ||    24

Table legend: (Time is in decaauts)
 A = Elapsed time spent in this place.
 B = Non-inter-level travel time spent in this place.
 C = Inter-level travel time spent in this place.
 D = Time resting spent in this place.
 E = Time spent auto-exploring this place.
 F = Levels seen in this place.
 G = Mean time per level.
                   A        B        C        D        E       F      G
               +--------+--------+--------+--------+--------+-----+--------+
         Total |   4138 |   3930 |    208 |    560 |   2958 |   5 |  827.6 |
       Dungeon |   4138 |   3930 |    208 |    560 |   2958 |   5 |  827.6 |
               +--------+--------+--------+--------+--------+-----+--------+

Top non-repeatable levels by time:
     D:1: 1662 daAuts
     D:2: 1033 daAuts
     D:3: 776 daAuts
     D:4: 380 daAuts
     D:5: 285 daAuts
